 Dungeon Crawl Stone Soup version 0.29.1-1-gd02db6906a (webtiles) character file.

Game seed: 8455622447391676232

9436 jimonade the Severer (level 11, -7/82 HPs)
             Began as a Minotaur Berserker on Sept 18, 2022.
             Was an Elder of Trog.
             Mangled by an elephant (11 damage)
             ... on level 2 of the Lair of Beasts.
             The game lasted 00:15:37 (9445 turns).

jimonade the Severer (Minotaur Berserker)           Turns: 9445, Time: 00:15:38

Health: -7/82      AC: 12    Str: 31    XL:     11   Next: 23%
Magic:  10/10      EV: 10    Int:  4    God:    Trog [****..]
Gold:   604        SH:  0    Dex: 11    Spells: 10/10 levels left

rFire   . . .      SeeInvis .   a - +4 battleaxe (venom)
rCold   . . .      Faith    .   (shield currently unavailable)
rNeg    . . .      Spirit   .   C - +1 chain mail
rPois   .          Reflect  .   (helmet restricted)
rElec   .          Harm     .   (no cloak)
rCorr   .          Rampage  .   (no gloves)
Will    .....                   (no boots)
Stlth   ..........              D - amulet of regeneration
HPRegen 1.03/turn               g - +6 ring of strength
MPRegen 0.12/turn               L - ring of flight

@: lethally poisoned (-7 -> -13), flying
A: horns 2, retaliatory headbutt
a: Renounce Religion, Berserk, Trog's Hand, Brothers in Arms


You were on level 2 of the Lair of Beasts.
You worshipped Trog.
Trog was greatly pleased with you.
You visited 2 branches of the dungeon, and saw 11 of its levels.

You collected 604 gold pieces.

Inventory:

Hand Weapons
 a - a +4 battleaxe of venom (weapon)
 b - a +0 hand axe of electrocution
 h - a +0 spear
 q - a +0 shortbow
 H - the +7 spear of Seina {protect, rF+ Str+4}
   (You found it on level 4 of the Dungeon)

   It grants its wielder temporary protection when it strikes (+7 to AC).
   Str:       It affects your strength (+4).
   rF:        It protects you from fire.
Missiles
 d - 16 poisoned darts (quivered)
 o - 2 throwing nets
Armour
 f - a +0 animal skin
 t - a +0 leather armour
 v - a +0 scale mail
 C - a +1 chain mail (worn)
Jewellery
 g - a +6 ring of strength (left hand)
 y - a +6 ring of intelligence
 D - an amulet of regeneration (around neck)
 L - a ring of flight (right hand)
Wands
 l - a wand of paralysis (5)
 E - a wand of iceblast (19)
 F - a wand of polymorph (4)
 K - a wand of flame (45)
Scrolls
 c - a scroll of enchant armour
 e - 2 scrolls of teleportation
 i - a scroll of acquirement
 j - a scroll of brand weapon
 m - 12 scrolls of identify
 u - a scroll of summoning
 A - 2 scrolls of immolation
 I - a scroll of silence {unknown}
 J - a scroll of noise {unknown}
Potions
 k - 3 potions of lignification
 n - 3 potions of attraction {unknown}
 p - 3 potions of degeneration {unknown}
 r - a potion of heal wounds {unknown}
 s - 5 potions of haste {unknown}
 w - a potion of magic {unknown}
 x - a potion of brilliance {unknown}
 z - 5 potions of curing {unknown}
 B - a potion of resistance {unknown}
 G - a potion of might {unknown}
 M - a potion of cancellation {unknown}


   Skills:
 - Level 3.6 Fighting
 + Level 18.0 Axes
 + Level 10.6 Armour
 + Level 3.1 Dodging


You had 10 spell levels left.
You didn't know any spells.
Your spell library was empty.

Dungeon Overview and Level Annotations

Branches:
Dungeon (9/15)             Temple (0/1) D:7            Lair (1/5) D:9
    Orc (0/2) D:9

Altars:
Ashenzari
Cheibriados
Dithmenos
Elyvilon
Fedhas
Gozag
Kikubaaqudgha
Qazlal
Ru
Trog
Uskayaw
Vehumet
Xom
The Shining One

Shops:
D:5 :   D:6 =   D:8 (=


Innate Abilities, Weirdness & Mutations

You have a pair of horns on your head.
You reflexively headbutt those who attack you in melee.


Message History

You slash the yak!
The yak looks as sick as possible!
The elephant closely misses you. You furiously retaliate!
You headbutt the elephant!
You kill the elephant!
Trog accepts your kill. The yak gores you!
You completely miss the yak. Your headbutt misses the yak.
The yak is almost dead.
You kill the yak!
Trog accepts your kill.
You slice the yak like a ripe choko!!!
You kill the yak!
Trog accepts your kill.
You slash the yak!
The yak looks as sick as possible!
The yak misses you. You furiously retaliate!
You headbutt the yak! You slice the yak!!
You kill the yak!
Trog accepts your kill.
You slash the cane toad! The cane toad stings you!
Your Axes skill increases to level 18!
You are too injured to fight recklessly!
You are too injured to fight recklessly!
You are too injured to fight recklessly!
You slash the cane toad!
The cane toad is heavily wounded.
The cane toad stings you but does no damage.
You hit the cane toad.
The cane toad is heavily wounded.
You hit the elephant.
The elephant is poisoned.
The cane toad stings you!
You are poisoned.
The cane toad poisons you! The elephant tramples you.
You hold your ground!
The elephant trunk-slaps you but does no damage.
You barely miss the cane toad.
The cane toad is heavily wounded.
You hit the elephant.
You feel very sick. The cane toad stings you!!
* * * LOW HITPOINT WARNING * * *
The elephant tramples you!
You die...

.....................
.....................
.....................
.....................
................... ..
................## ..
..###+#.###.....P# .#.
##..###......##....
#|@.P##P.....##....
##FY.###.....#.....
#.....##......+
...........##P......##
.....#.#######.......#
......# #..........)
..?..P #............
...... ..............
..... ..............


You could see an elephant (very poisoned) and a cane toad.

Vanquished Creatures
  A two-headed ogre (D:9)
  A death yak (D:9)
  The ghost of keekatzer the Changer, a novice TrTm of Elyvilon (D:7)
  4 elephants
  A hornet (D:7)
  A wraith (D:9)
  2 shadows (D:9)
  A wyvern (D:9)
  6 yaks
  A basilisk (D:9)
  2 steam dragons
  3 water moccasins
  2 sky beasts (D:7)
  2 orc warriors
  4 ice beasts
  A black bear (D:9)
  5 centaurs
  2 ogres
  2 kobold brigands
  6 bullfrogs
  A necrophage (D:4)
  7 scorpions
  4 wights (D:8)
  10 killer bees
  4 howler monkeys
  3 hounds
  4 orc priests
  3 jellies
  An iron imp (D:5)
  7 iguanas
  Terence (D:2)
  Ijyb (D:4)
  3 orc wizards
  6 gnolls
  5 adders
  2 shadow imps
  5 white imps
  An ufetubus (D:4)
  3 worms
  3 dart slugs
  27 orcs
  5 ball pythons
  5 endoplasms
  5 giant cockroaches
  13 goblins
  4 hobgoblins
  2 jackals (D:5)
  5 quokkas
  10 bats
  6 frilled lizards
  18 kobolds
  2 rats
  A bush (D:2)
225 creatures vanquished.

Vanquished Creatures (others)
  4 fungi (Lair:2)
  2 plants
6 creatures vanquished.

Grand Total: 231 creatures vanquished

Notes
Turn   | Place    | Note
-------+----------+-------------------------------------------
     0 | D:1      | jimonade the Minotaur Berserker began the quest for the
                  | Orb.
     0 | D:1      | Reached XP level 1. HP: 19/19 MP: 0/0
   147 | D:1      | Reached skill level 4 in Axes
   310 | D:1      | Reached XP level 2. HP: 24/26 MP: 1/1
   467 | D:1      | Reached ** piety under Trog
   573 | D:1      | Reached skill level 5 in Axes
   835 | D:1      | Reached XP level 3. HP: 31/31 MP: 2/2
  1677 | D:2      | Noticed Terence
  1689 | D:2      | Killed Terence
  1690 | D:2      | Reached skill level 6 in Axes
  1690 | D:2      | Reached XP level 4. HP: 22/39 MP: 3/3
  2156 | D:3      | Noticed an ogre
  2165 | D:3      | Killed an ogre
  2166 | D:3      | Reached skill level 7 in Axes
  2166 | D:3      | Reached XP level 5. HP: 36/45 MP: 4/4
  2408 | D:3      | You fall into a shaft and drop 1 floor!
  3017 | D:4      | Reached skill level 8 in Axes
  3238 | D:4      | Found a radiant altar of Vehumet.
  3280 | D:4      | Reached XP level 6. HP: 8/51 MP: 5/5
  3613 | D:4      | Reached *** piety under Trog
  4137 | D:4      | Reached skill level 9 in Axes
  4139 | D:4      | Noticed Ijyb
  4144 | D:4      | Killed Ijyb
  4623 | D:4      | Identified the +7 spear of Seina {protect, rF+ Str+4}
  4723 | D:5      | Entered Level 5 of the Dungeon
  4729 | D:5      | Found a snail-covered altar of Cheibriados.
  4742 | D:5      | Reached XP level 7. HP: 56/57 MP: 6/6
  4778 | D:4      | Identified 2 scrolls of acquirement
  4778 | D:4      | Acquired a +4 battleaxe of venom
  4986 | D:5      | Found a hide-covered altar of Uskayaw.
  5060 | D:5      | Reached skill level 10 in Axes
  5149 | D:5      | Found a white marble altar of Elyvilon.
  5173 | D:5      | Found Cept's Self-Improvement Boutique.
  5260 | D:5      | Found a shimmering altar of Xom.
  5287 | D:5      | Reached skill level 11 in Axes
  5287 | D:5      | Reached XP level 8. HP: 41/64 MP: 7/7
  5289 | D:5      | Reached skill level 5 in Armour
  5846 | D:6      | Found a broken altar of Ashenzari.
  5861 | D:6      | Found a glowing golden altar of the Shining One.
  5877 | D:6      | Reached skill level 12 in Axes
  5920 | D:6      | Found an ancient bone altar of Kikubaaqudgha.
  6041 | D:6      | Found a sacrificial altar of Ru.
  6251 | D:6      | Found Huqeteamoi's Jewellery Boutique.
  6411 | D:6      | Found an opulent altar of Gozag.
  6520 | D:7      | Noticed keekatzer's ghost (novice TrTm)
  6521 | D:7      | Found a staircase to the Ecumenical Temple.
  6673 | D:7      | Found a runed translucent gate.
  6673 | D:7      | Found a runed translucent gate.
  6673 | D:7      | Found a runed translucent gate.
  6723 | D:7      | Reached skill level 13 in Axes
  6723 | D:7      | Reached XP level 9. HP: 66/70 MP: 8/8
  6933 | D:7      | Found a stormy altar of Qazlal.
  6963 | D:7      | Reached **** piety under Trog
  6979 | D:7      | Found a shadowy altar of Dithmenos.
  7395 | D:7      | Reached skill level 14 in Axes
  7397 | D:7      | Killed keekatzer's ghost
  7500 | D:8      | Reached skill level 15 in Axes
  7612 | D:8      | Reached XP level 10. HP: 77/77 MP: 9/9
  7612 | D:8      | Found Ihuireed's Jewellery Emporium.
  7946 | D:8      | Found Zoyteosh's Weapon Shop.
  8385 | D:9      | Found a staircase to the Orcish Mines.
  8453 | D:9      | Reached skill level 16 in Axes
  8453 | D:9      | Noticed a two-headed ogre
  8460 | D:9      | Killed a two-headed ogre
  8665 | D:9      | Found a bloodstained altar of Trog.
  8796 | D:9      | Found a blossoming altar of Fedhas.
  9009 | D:9      | Reached skill level 17 in Axes
  9029 | D:9      | Noticed an elephant
  9029 | D:9      | Noticed a death yak
  9030 | D:9      | Found a staircase to the Lair.
  9038 | D:9      | Killed a death yak
  9039 | D:9      | Reached skill level 10 in Armour
  9040 | D:9      | Killed an elephant
  9041 | D:9      | Reached XP level 11. HP: 82/82 MP: 10/10
  9389 | Lair:1   | Entered Level 1 of the Lair of Beasts
  9389 | Lair:1   | You fall into a shaft and drop 1 floor!
  9443 | Lair:2   | Reached skill level 18 in Axes
  9445 | Lair:2   | HP: 4/82 [cane toad (18)]
  9445 | Lair:2   | Mangled by an elephant

Illustrated notes

Levels and vault maps discovered:
D:1:      heliophobic_arrival_dark_side_of_the_moon, layout_basic
D:2:      layout_loops_ring, serial_forest, infiniplex_forest_end_3,
          infiniplex_forest_corner_2, infiniplex_forest_corner_1,
          infiniplex_forest_split, infiniplex_forest_lined_ring,
          infiniplex_forest_lined_room_2, infiniplex_forest_clump_diagonal,
          uniq_terence
D:3:      layout_basic
D:4:      minmay_thinvault, layout_layer_cave, amcnicky_altar_gilded, uniq_ijyb
D:5:      layout_basic, mainiacjoe_overflow_six_doors_small, slow_altar_1,
          eat_drink_and_be_merry_uskayaw, lemuel_tele_altar, st_stairs_10,
          nicolae_shop_self_help
D:6:      layout_gridville, nicolae_overflow_crystal_walls,
          mainiacjoe_overflow_swirl, grunt_gozag_breadcrumbs,
          mainiacjoe_overflow_cross_hatched, serial_shops, kennysheep_mini
D:7:      layout_loops_ring, kennysheep_mini_moat, mainiacjoe_overflow_alcove_1,
          minmay_temple_entry_overgrown, gammafunk_ghost_split,
          grunt_decor_one_mirror
D:8:      layout_gridville, serial_shops, shop_coins, nicolae_shop_statue_plus
D:9:      layout_basic, mainiacjoe_overflow_24_doors,
          nicolae_overflow_hidden_temple, david_lair_generic, orc_0_dummy
Lair:1:   layout_gridlike, minmay_stone_trees_small
Lair:2:   layout_regular_city, elwin_shoals_entry_stream

Skill      XL: |  1  2  3  4  5  6  7  8  9 10 11 |
---------------+----------------------------------+-----
Axes           | 4 5 6 7 8 9 11 13 15 17 18 | 18.0
Armour         | 4 6 8 10 | 10.6
Dodging        | 3 |  3.1
Fighting       | |  3.6

Action                   |  1- 3 |  4- 6 |  7- 9 | 10-12 || total
-------------------------+-------+-------+-------+-------++-------
Melee: Hand axe          |    83 |   147 |       |     7 ||   237
       Headbutt          |    11 |    38 |    26 |    16 ||    91
       Unarmed           |       |     7 |       |       ||     7
       Punch             |       |     1 |       |       ||     1
       Battleaxe         |       |       |   166 |    98 ||   264
Invok: Berserk           |       |     6 |     8 |     2 ||    16
       Trog's Hand       |       |       |     3 |       ||     3
  Use: Scroll            |       |       |    12 |       ||    12
 Stab: Sleeping          |       |     1 |       |       ||     1
Armor: Animal skin       |    17 |     2 |       |       ||    19
       Leather armour    |       |     9 |       |       ||     9
       Chain mail        |       |    14 |    71 |    54 ||   139
       Skin              |       |     2 |       |       ||     2
Dodge: Dodged            |    44 |    47 |    49 |    44 ||   184
